 Dungeon Crawl Stone Soup version 0.25-a0-578-gc91f01c39c (webtiles) character file.

Game seed: 5033712067175672726, levelgen mode: deterministic

417 An17 the Covert (level 6, -4/32 HPs)
             Began as a Vampire Enchanter on Mar 3, 2020.
             Slain by an iguana (12 damage)
             ... on level 4 of the Dungeon.
             The game lasted 00:09:58 (3040 turns).

An17 the Covert (Vampire Enchanter)                 Turns: 3040, Time: 00:09:59

Health: -4/32      AC:  4    Str:  7    XL:     6   Next: 61%
Magic:  2/10       EV: 12    Int: 19    God:
Gold:   158        SH:  0    Dex: 17    Spells: 2/10 levels left

rFire    . . .     SeeInvis +   k - +0 dagger (drain)
rCold    + + .     Gourm    .   (no shield)
rNeg     + + +     Faith    .   f - +1 leather armour {rN+}
rPois    ∞         Spirit   .   (no helmet)
rElec    .         Reflect  .   (no cloak)
rCorr    .         Harm     .   (no gloves)
MR       .....                  (no boots)
Stlth    ++++++....             (no amulet)
HPRegen  0.00/turn              h - +2 ring of dexterity
MPRegen  0.12/turn              (no ring)

@: bloodless
A: no food, fangs 3, see invisible, unbreathing
a: Bat Form, Revivify


You were on level 4 of the Dungeon.
You were bloodless.

You visited 1 branch of the dungeon, and saw 4 of its levels.

You collected 158 gold pieces.

Inventory:

Hand Weapons
 a - a +1 dagger
 k - a +0 dagger of draining (weapon)
Missiles
 s - 5 atropa-tipped darts (quivered)
Armour
 f - a +1 leather armour of positive energy (worn)
Jewellery
 h - a +2 ring of dexterity (left hand)
Wands
 l - a wand of enslavement (3)
 m - a wand of clouds (8)
 q - a wand of polymorph (6)
Scrolls
 j - a scroll of fear
 p - a scroll of amnesia
 r - 2 scrolls of remove curse
Potions
 b - 4 potions of brilliance
 c - 3 potions of curing
 d - a potion of might {unknown}
 e - 2 potions of magic
 g - a potion of resistance {unknown}
 i - a potion of invisibility {unknown}
 n - a potion of ambrosia {unknown}
 o - 2 potions of heal wounds
 t - a potion of haste {unknown}
 u - a potion of flight {unknown}


   Skills:
 + Level 2.4 Short Blades
 + Level 1.1 Armour
 + Level 2.9 Dodging
 + Level 8.4 Stealth
 + Level 2.8 Spellcasting
 + Level 5.7 Hexes
 + Level 1.6 Ice Magic


You had 2 spell levels left.
You knew the following spells:

 Your Spells              Type           Power        Failure   Level  Hunger
a - Confusing Touch       Hex            ###.....     6%          3    N/A
b - Ensorcelled Hibernat  Hex/Ice        ###...       8%          2    N/A
c - Tukima's Dance        Hex            ###.....     6%          3    N/A

Your spell library contained the following spells:

 Spells                   Type           Power        Failure   Level  Hunger
 Corona                   Hex            ###....      2%          1    N/A
 Dazzling Flash           Conj/Hex       ##....       22%         3    N/A

Dungeon Overview and Level Annotations

Branches:
Dungeon (4/15)
 Temple: D:4-7

Altars:


Innate Abilities, Weirdness & Mutations

You do not eat.
You do not regenerate when monsters are visible.
You are frail without blood (-20% HP).
You can heal yourself when you bite living creatures.
You are immune to poison.
You have razor-sharp teeth.
You have supernaturally acute eyesight. (SInv)
You can survive without breathing.


Message History

The orc hits you with a cursed -1 club.
You barely miss the orc.
The orc is moderately wounded.
The worker ant closely misses you.
The orc wizard looks satisfied for a moment.
The iguana bites you but does no damage.
The orc closely misses you.
You closely miss the orc.
The orc is moderately wounded.
The worker ant bites you.
The orc wizard casts a spell.
The orc wizard seems to speed up.
The iguana bites you. The orc hits you with a cursed -1 club.
You hit the orc. You bite the orc.
You draw the orc's blood!
You feel better.
The orc is severely wounded.
The worker ant misses you. The iguana misses you. The worker ant bites you!
* * * LOW HITPOINT WARNING * * *
You closely miss the orc wizard. Your bite misses the orc wizard.
The iguana bites you!
You die...

.... ..... #### .$.
#.# ## #.# .. #.#
###. ## #†# ....
##### #o# ..# #...#
#o#...
...#...###@#.#####
...........la......
............########
...##..[##.........#
..
#.#####.###.#####.#
.
#.................#
#^#####.###........#
#.# #.# ########.#
#.# #.#


You could see an iguana, a worker ant, an orc wizard and an orc.

Vanquished Creatures
  2 scorpions (D:4)
  A centaur skeleton (D:4)
  2 hounds (D:4)
  An orc priest (D:3)
  Ijyb (D:3)
  An iguana (D:4)
  2 worker ants (D:4)
  4 adders
  An adder skeleton (D:4)
  2 worms (D:2)
  A dart slug (D:1)
  2 leopard geckos (D:3)
  5 orcs
  2 bats (D:1)
  3 giant cockroaches
  7 goblins
  4 hobgoblins
  2 jackals (D:1)
  4 quokkas
  6 frilled lizards
  6 kobolds
  7 rats
66 creatures vanquished.

Notes
Turn   | Place    | Note
-------+----------+-------------------------------------------
     0 | D:1      | An17 the Vampire Enchanter began the quest for the Orb.
     0 | D:1      | Reached XP level 1. HP: 13/13 MP: 3/3
   237 | D:1      | Reached XP level 2. HP: 19/19 MP: 5/5
   267 | D:1      | Learned a level 2 spell: Ensorcelled Hibernation
   339 | D:1      | Reached skill level 5 in Stealth
  1029 | D:2      | Reached XP level 3. HP: 19/19 MP: 6/6
  1034 | D:2      | Learned a level 3 spell: Confusing Touch
  1597 | D:2      | Reached skill level 5 in Hexes
  1717 | D:3      | Noticed Ijyb
  1760 | D:3      | Killed Ijyb
  1760 | D:3      | Reached XP level 4. HP: 24/24 MP: 2/7
  1893 | D:3      | Reached skill level 6 in Stealth
  1924 | D:3      | Reached skill level 1 in Ice Magic
  2131 | D:3      | Reached XP level 5. HP: 28/28 MP: 8/8
  2136 | D:3      | Learned a level 3 spell: Tukima's Dance
  2647 | D:4      | Reached skill level 7 in Stealth
  2791 | D:4      | Reached skill level 1 in Armour
  2791 | D:4      | Reached XP level 6. HP: 32/32 MP: 9/9
  2806 | D:4      | Reached skill level 8 in Stealth
  3040 | D:4      | Slain by an iguana

Levels and vault maps discovered:
D:1:      roderic_crop_circles_arrival_small, layout_basic, minmay_pentomino_v4
D:2:      layout_loops_corners
D:3:      layout_basic, first_ration, uniq_ijyb
D:4:      layout_basic

Skill      XL: |  1  2  3  4  5  6 |
---------------+-------------------+-----
Stealth        | 5 6 7 8 |  8.4
Hexes          | 5 |  5.7
Ice Magic      | 1 |  1.6
Short Blades   | 2 |  2.4
Armour         | 1 |  1.1
Dodging        | |  2.9
Spellcasting   | |  2.8

Action                   |  1- 3 |  4- 6 || total
-------------------------+-------+-------++-------
Melee: Dagger            |   102 |    64 ||   166
       Bite              |     3 |     6 ||     9
Throw: Dart              |       |     3 ||     3
 Cast: Ensorcelled Hiber |    10 |    13 ||    23
       Confusing Touch   |       |     1 ||     1
 Abil: Exsanguinate      |     1 |       ||     1
  Use: Scroll            |     8 |     5 ||    13
       Potion            |     1 |       ||     1
 Stab: Sleeping          |    20 |    22 ||    42
       Confused          |       |     2 ||     2
       Distracted        |       |     1 ||     1
Armor: Robe              |    10 |       ||    10
       Leather armour    |    11 |    14 ||    25
Dodge: Dodged            |    51 |    37 ||    88

Table legend:
 A = Non-vault XP
 B = Vault XP
 C = Vault XP percentage of total XP
 D = Non-vault monster count
 E = Vault monster count
 F = Vault count percentage of total count
                 A         B        C        D         E       F
            +---------+---------+-------+---------+---------+-------
      Total |     557 |      40 |   6.7 |      62 |       4 |   6.1
            +---------+---------+-------+---------+---------+-------
        D:1 |      29 |       5 |  14.7 |      18 |       3 |  14.3
        D:2 |      48 |       0 |   0.0 |      11 |       0 |   0.0
        D:3 |     107 |      35 |  24.6 |      22 |       1 |   4.3
        D:4 |     373 |       0 |   0.0 |      11 |       0 |   0.0
            +---------+---------+-------+---------+---------+-------
